 Dungeon Sprint DCSS version 0.29.1-2-gbd0b4ee654 (webtiles) character file.

Game seed: 6026211423215376807

0 Zeld the Chopper (level 1, -11/30 HPs)
             Began as a Minotaur Berserker on Oct 31, 2022.
             Was a Follower of Trog.
             Mangled by a phantasmal warrior (18 damage)
             ... in the Dungeon (Sprint VII: "The Pits").
             The game lasted 00:00:10 (25 turns).

Zeld the Chopper (Minotaur Berserker)                 Turns: 25, Time: 00:00:10

Health: -11/30     AC:  2    Str: 21    XL:     1   Next: 8%
Magic:  0/0        EV: 12    Int:  4    God:    Trog [*.....]
Gold:   0          SH:  0    Dex:  9    Spells: 0/0 levels left

rFire   . . .      SeeInvis .   a - +0 hand axe
rCold   . . .      Faith    .   (no shield)
rNeg    . . .      Spirit   .   b - +0 animal skin
rPois   .          Reflect  .   (helmet restricted)
rElec   .          Harm     .   (no cloak)
rCorr   .          Rampage  .   (no gloves)
Will    .....      NoTele   +   (no boots)
Stlth   ..........              (no amulet)
HPRegen 0.10/turn               (no ring)
MPRegen 0.07/turn               (no ring)

@: berserking (expiring), very quick
A: horns 2, retaliatory headbutt
a: Renounce Religion, Berserk


You were in the Dungeon.
You worshipped Trog.
Trog was aware of your devotion.
You visited 1 branch

Inventory:

Hand Weapons
 a - a +0 hand axe (weapon)
Armour
 b - a +0 animal skin (worn)
Scrolls
 h - a scroll of blinking
Potions
 c - a potion of curing
 e - a potion of haste
 f - 2 potions of magic
 g - a potion of berserk rage


   Skills:
 + Level 3.7 Fighting
 * Level 3.8 Axes
 + Level 2.5 Armour
 + Level 2.3 Dodging


You couldn't memorise any spells.
You didn't know any spells.
Your spell library was empty.

Dungeon Overview and Level Annotations

Branches:
Dungeon (1/1)

Altars:


Innate Abilities, Weirdness & Mutations

You have a pair of horns on your head.
You reflexively headbutt those who attack you in melee.


Message History

Something unseen breaks down the huge gate.
A red film seems to cover your vision as you go berserk!
You feel yourself moving faster!
You feel mighty!
An orc priest and an orc sorcerer come into view.
The orc sorcerer is wielding a +0 dagger and wearing a +2 robe of willpower.
You feel a strong urge to attack something.
The orc priest shouts!
The ball python closely misses you. x2
You slice the ball python!!
You kill the ball python!
Trog accepts your kill.
You barely miss the orc warrior.
A phantasmal warrior comes into view.
You hit the orc warrior but do no damage.
You headbutt the orc warrior!
The orc warrior is heavily wounded.
You completely miss the orc warrior.
The orc warrior is heavily wounded.
The phantasmal warrior gestures at you.
The phantasmal warrior blinks!
The orc warrior hits you with a +0 war axe!!
Ouch! That really hurt!
You are too injured to fight recklessly!
Unknown command.
You are too injured to fight recklessly!
You barely miss the phantasmal warrior.
Your headbutt misses the phantasmal warrior.
You closely miss the orc warrior. The orc warrior barely misses you.
You furiously retaliate!
You headbutt the orc warrior. The phantasmal warrior hits you.
* * * LOW HITPOINT WARNING * * *
Unknown command.
Unknown command.
You slash the orc warrior!
You kill the orc warrior!
Trog accepts your kill.
You hit the phantasmal warrior but do no damage.
The phantasmal warrior hits you!!
Ouch! That really hurt!
You die...

##########++######
#................#
#......#..#......#
#................+
+................+
#......#..#......#
#........@o......#
####'#####Wo######
#.......##''#
#.......##..#
#.......##..#
#...<...##..#
#.......##..#
#.......##.ยง#
#.......#


You could see a phantasmal warrior, an orc sorcerer and an orc priest.

Vanquished Creatures
  An orc warrior (D)
  A ball python (D)
2 creatures vanquished.

Notes
Turn   | Place    | Note
-------+----------+-------------------------------------------
     0 | D        | Zeld the Minotaur Berserker began the quest for the Orb.
     0 | D        | Reached XP level 1. HP: 19/19 MP: 0/0
    11 | D        | Noticed an orc warrior
    19 | D        | Noticed an orc priest
    19 | D        | Noticed an orc sorcerer
    21 | D        | Noticed a phantasmal warrior
    25 | D        | Killed an orc warrior
    25 | D        | Mangled by a phantasmal warrior

Illustrated notes

Levels and vault maps discovered:
D:        pitsprint [storerooms_1, entrance_room_1, metal_vault_3, armoury_1,
          mini_pit_1, grid_room_1, main_hall_1, silver_pit, the_coven_2,
          the_vestibule_1, steel_vault_2, golden_pit, hallway_of_sentries,
          crystal_vault_5, iron_vault_2, final_vault]

Action                   || total
-------------------------++-------
Melee: Hand axe          ||     6
       Headbutt          ||     1
Invok: Berserk           ||     1
  Use: Potion            ||     1
Dodge: Dodged            ||     3
